 Dungeon Crawl Stone Soup version 0.21-a0-421-gfc1ce30 (webtiles) character file.

2 Charmandara the Firebug (level 1, 0/10 HPs)
             Began as a Deep Elf Fire Elementalist on Nov 4, 2017.
             Slain by a jackal (3 damage)
             ... on level 1 of the Dungeon.
             The game lasted 00:00:24 (41 turns).

Charmandara the Firebug (Deep Elf Fire Elementalist)  Turns: 41, Time: 00:00:25

Health: 0/10       AC:  2    Str:  5    XL:     1   Next: 33%
Magic:  2/6        EV: 13    Int: 19    God:
Gold:   0          SH:  0    Dex: 15    Spells: 5/6 levels left

rFire    . . .     SeeInvis .   (no weapon)
rCold    . . .     Gourm    .   (no shield)
rNeg     . . .     Faith    .   a - +0 robe
rPois    .         Spirit   .   (no helmet)
rElec    .         Reflect  .   (no cloak)
rCorr    .         Harm     .   (no gloves)
MR       .....                  (no boots)
Stlth    ++........             (no amulet)
HPRegen  0.03/turn              (no ring)
MPRegen  0.10/turn              (no ring)

@: very slightly contaminated
A: no striking features
a: no special abilities


You were on level 1 of the Dungeon.
You were not hungry.

You visited 1 branch of the dungeon, and saw 1 of its levels.

Inventory:

Armour
 a - a +0 robe (worn)
Books
 b - a book of Flames
Comestibles
 c - a bread ration {@e1}


   Skills:
 - Level 2.4 Dodging
 - Level 2.4 Stealth
 - Level 3.0 Spellcasting
 * Level 1.3 Conjurations
 * Level 3.4 Fire Magic


You had 5 spell levels left.
You knew the following spells:

 Your Spells              Type           Power        Failure   Level  Hunger
a - Flame Tongue          Conj/Fire      ##...        6%          1    None


Dungeon Overview and Level Annotations

Branches:
Dungeon (1/15)

Altars:


Message History

Welcome, Charmandara the Deep Elf Fire Elementalist.
Will you prevail where others failed? Will you find the Orb of Zot?
Found a staircase leading out of the dungeon.
A bat comes into view.
Aim: a bat (resting)
The flame tongue hits the bat.
The bat barely misses you.
You now have 5/6 mp.
Aim: a bat (severely wounded)
The flame tongue hits the bat.
You kill the bat!
You now have 4/6 mp.
You start resting.
MP restored: 6
Found a stone staircase leading down.
A jackal comes into view.
You can't see any susceptible monsters within range! (Use Z to cast anyway.) Unknown command.
The jackal barks!
You hear a bark! x2; You hear a shout!
You hear a bark!
A jackal comes into view.
Aim: a jackal You miscast Flame Tongue.
You are very lightly contaminated with residual magic.
Nothing appears to happen.
The jackal misses you.
You now have 5/6 mp.
Aim: a jackal The flame tongue hits the jackal.
The jackal barely misses you. The jackal bites you.
You take 1 damage, and have 9/10 hp.
You now have 4/6 mp.
Unknown command.
The jackal closely misses you.
A jackal comes into view.
The jackal barks!
A jackal comes into view.
Aim: a jackal (moderately wounded)
The flame tongue hits the jackal.
You kill the jackal!
The jackal closely misses you.
You now have 3/6 mp.
Unknown command.
Aim: a jackal (moderately wounded)
The flame tongue misses the jackal.
The jackal bites you. The jackal barely misses you.
You take 3 damage, and have 6/10 hp.
MASSIVE DAMAGE!!
You now have 2/6 mp.
You closely miss the jackal. The jackal bites you.
* * * LOW HITPOINT WARNING * * *
The jackal bites you.
You die...

.#. #.. .##.# .#.
#.... .... .. ... ....
.. ... .># #. #.# #.#
#. #.# #.####.#
#.####.#####......#
#h@h..........###
......h###..######...#
...###. #..########.#
# #. #..##.....#.# ..
....# ##....# #.##...#
#..<..# #. #...#
#....## #. #...#
#.#.... #...# #.######


You could see 3 jackals.

Vanquished Creatures
  A bat (D:1)
  A jackal (D:1)
2 creatures vanquished.

Notes
Turn   | Place    | Note
-------+----------+-------------------------------------------
     0 | D:1      | Charmandara the Deep Elf Fire Elementalist began the quest for the Orb.
     0 | D:1      | Reached XP level 1. HP: 10/10 MP: 6/6
    41 | D:1      | Slain by a jackal

Vault maps used:
D:1:      saegor_arrival_simple_f

Action                   || total
-------------------------++-------
Melee: Unarmed           ||     1
 Cast: Flame Tongue      ||     5
Dodge: Dodged            ||     6

Table legend:
 A = Spawn XP
 B = Non-spawn XP
 C = Spawn XP percentage of total XP
 D = Spawn monster count
 E = Non-spawn monster count
 F = Spawn count percentage of total count
 G = Total turns spent on level
                    A         B        C        D         E        F      G
               +---------+---------+-------+---------+---------+-------+---------
         Total |       0 |       4 |   0.0 |       0 |       2 |   0.0 |    41
               +---------+---------+-------+---------+---------+-------+---------
           D:1 |       0 |       4 |   0.0 |       0 |       2 |   0.0 |    41
               +---------+---------+-------+---------+---------+-------+---------

Vault maps used:
D:1:      saegor_arrival_simple_f

Table legend:
 A = Turns spent in this place as a percentage of turns spent in the entire game.
 B = Non-inter-level travel turns spent in this place as a percentage of non-inter-level travel turns spent in the entire game.
 C = Inter-level travel turns spent in this place as a percentage of turns spent in this place.
 D = Turns resting spent in this place as a percentage of non-inter-level travel turns spent in this place.
 E = Turns spent auto-exploring this place as a percentage of non-inter-level travel turns spent in this place.
 F = Non-inter-level travel turns spent in this place divided by the number of levels of this place that you've seen.
                   A       B       C       D       E      F
               +-------+-------+-------+-------+-------+----------------------
         Total | 100.0 | 100.0 |   0.0 |  43.9 |  19.5 |  41.0
       Dungeon | 100.0 | 100.0 |   0.0 |  43.9 |  19.5 |  41.0
               +-------+-------+-------+-------+-------+----------------------

Table legend:
 A = Kills in this place as a percentage of kills in entire the game.
 B = Kills by you in this place as a percentage of kills by you in the entire game.
 C = Kills by friends in this place as a percentage of kills by friends in the entire game.
 D = Other kills in this place as a percentage of other kills in the entire game.
 E = Experience gained in this place as a percentage of experience gained in the entire game.
 F = Experience gained in this place divided by the number of levels of this place that you have seen.
                   A       B       C       D       E      F
               +-------+-------+-------+-------+-------+----------------------
         Total | 100.0 | 100.0 |   N/A |   N/A | 100.0 |   4.0
       Dungeon | 100.0 | 100.0 |   N/A |   N/A | 100.0 |   4.0
               +-------+-------+-------+-------+-------+----------------------
